 Seeded DCSS version 0.31-a0-1549-g5ff9445e89 (webtiles) character file.

Game seed: 18266249142797792839 (custom seed)

7 innerfire43 the Caller (level 1, 0/15 HPs)
             Began as a Demonspawn Wanderer on Jan 2, 2024.
             Slain by a jackal (3 damage)
             ... on level 1 of the Dungeon.
             The game lasted 00:00:39 (143 turns).

innerfire43 the Caller (Demonspawn Wanderer)         Turns: 143, Time: 00:00:40

Health: 0/15       AC:  2    Str: 11    XL:     1   Next: 91%
Magic:  1/2        EV: 11    Int: 15    God:
Gold:   0          SH:  0    Dex: 10    Spells: 1/2 levels left

rFire   . . .        a - +0 club
rCold   . . .        (no shield)
rNeg    . . .        c - +0 robe
rPois   .            (no helmet)
rElec   .            (no cloak)
rCorr   .            (no gloves)
SInv    .            (no boots)
Will    .....        (no amulet)
Stlth   +            (no ring)
HPRegen 0.22/turn    (no ring)
MPRegen 0.08/turn

%: no passive effects
@: no status effects
A: no striking features
a: no special abilities


You were on level 1 of the Dungeon.
You visited 1 branch of the dungeon, and saw 1 of its levels.

Inventory:

Hand Weapons
 a - a +0 club (weapon)
Armour
 c - a +0 robe (worn)
Scrolls
 b - a scroll of fear
 d - a scroll of vulnerability
Potions
 e - a potion of curing {unknown}


   Skills:
 + Level 1.3 Fighting
 + Level 1.2 Dodging
 - Level 1.0 Stealth
 + Level 1.2 Spellcasting
 + Level 4.1 Summonings
 - Level 1.7 Translocations


You had one spell level left.
You knew the following spells:

 Your Spells              Type           Power      Damage    Failure   Level
a - Summon Small Mammal   Summ           52%        N/A       4%          1

Your spell library contained the following spells:

 Spells                   Type           Power      Damage    Failure   Level
 Apportation              Tloc           12%        N/A       12%         1
 Gell's Gravitas          Tloc           6%         N/A       34%         3
 Martyr's Knell           Necr/Summ      7%         N/A       71%         4
 Summon Lightning Spire   Summ/Air       7%         N/A       71%         4


Dungeon Overview and Level Annotations

Branches:
Dungeon (1/15)

Altars:


Message History

You hit the jackal.
You kill the jackal!
No target in view!
HP restored.
Things that are here:
a jackal corpse; a jackal corpse A jackal comes into view.
A jackal is nearby!
A jackal comes into view.
Found 7 stones.
There are monsters nearby!
The jackal misses you.
There are monsters nearby!
You hit the jackal but do no damage. The jackal bites you.
The jackal closely misses you. x3
There are monsters nearby!
You miss the jackal. The jackal barely misses you. The jackal bites you.
There are monsters nearby!
You closely miss the jackal. The jackal closely misses you.
The jackal barely misses you. The jackal bites you. x2
You hit the jackal.
The jackal is moderately wounded.
The jackal closely misses you. The jackal bites you. x3
* * * LOW HITPOINT WARNING * * *
There are monsters nearby!
You are too injured to fight recklessly!
There are monsters nearby!
You are too injured to fight recklessly!
There are monsters nearby!
You are too injured to fight recklessly!
You are too injured to fight recklessly!
Casting: Summon Small Mammal (safe; 4% risk of failure)
Confirm with . or Enter, or press ? or * to list all spells.
The jackal misses you. x2; The jackal barely misses you.
The jackal closely misses you. The jackal misses you.
Your rat bites the jackal but does no damage.
You see here 7 stones.
The jackal misses you. The jackal attacks as it pursues you!
The jackal bites you.
You die...

#.# .# #.# #.#
..# #.#
#.###..# ..#
#.#....# .##
#.#.#.###.#
#..........
###.#######
###### #.#
#.....##@#
#.....(h.#####
#....rh........
#.....#########
#..... ###.##
#. #


You could see 2 jackals and a friendly rat (summoned).

Vanquished Creatures
  A dart slug (D:1)
  2 jackals (D:1)
  A ball python (D:1)
  A frilled lizard (D:1)
  A rat (D:1)
6 creatures vanquished.

Notes
Turn   | Place    | Note
-------+----------+-------------------------------------------
     0 | D:1      | innerfire43 the Demonspawn Wanderer began the quest for the
                  | Orb.
     0 | D:1      | innerfire43 set off with the following items: a +0 club, a
                  | scroll of fear, a +0 robe, a scroll of vulnerability; and
                  | the following spells available to memorise: Summon Small
                  | Mammal, Apportation, Gell's Gravitas, Martyr's Knell,
                  | Summon Lightning Spire.
     0 | D:1      | Reached XP level 1. HP: 15/15 MP: 2/2
     2 | D:1      | Learned a level 1 spell: Summon Small Mammal
   143 | D:1      | Slain by a jackal

Illustrated notes

Levels and vault maps discovered:
D:1:      ncdulo_lavacross, layout_loops_ring,
          hellmonk_ecumenical_altar_arch_garden

Action                     || total
---------------------------++-------
  Melee: Club              ||    19
   Cast: Summon Small Mamm ||     3
 Armour: Robe              ||    21
  Dodge: Dodged            ||    23

Table legend: (Time is in decaauts)
 A = Elapsed time spent in this place.
 B = Non-inter-level travel time spent in this place.
 C = Inter-level travel time spent in this place.
 D = Time resting spent in this place.
 E = Time spent auto-exploring this place.
 F = Levels seen in this place.
 G = Mean time per level.
                   A        B        C        D        E       F      G
               +--------+--------+--------+--------+--------+-----+--------+
         Total |    148 |    148 |      0 |      0 |     84 |   1 |  148.0 |
       Dungeon |    148 |    148 |      0 |      0 |     84 |   1 |  148.0 |
               +--------+--------+--------+--------+--------+-----+--------+

Top non-repeatable levels by time:
     D:1: 148 daAuts
